 Dungeon Crawl Stone Soup version 0.31-a0-859-g9dce7d3444 (webtiles) character file.

Game seed: 11846043477818425466

2867 redmage the Mimic (level 9, 0/58 HPs)
             Began as an Octopode Shapeshifter on Oct 10, 2023.
             Was an Initiate of Gozag.
             Killed from afar by an acid dragon (23 damage)
             ... with a splash of acid
             ... on level 8 of the Dungeon.
             The game lasted 00:27:19 (6612 turns).

redmage the Mimic (Octopode Shapeshifter)           Turns: 6612, Time: 00:27:21

Health: 0/58       AC:  4    Str: 19    XL:     9   Next: 75%
Magic:  9/9        EV: 16    Int: 12    God:    Gozag
Gold:   465        SH:  5    Dex: 15    Spells: 7/8 levels left

rFire   . .          .
                       - Unarmed
rCold   . . .        (shield currently unavailable)
rNeg    . . .        (helmet currently unavailable)
rPois   +            h - amulet of reflection
rElec   .            f - +5 ring of evasion
rCorr   .            u - ring of poison resistance
SInv    .            (no ring)
Will    .....        (no ring)
Stlth   ++++         (no ring)
HPRegen 0.29/turn    (no ring)
MPRegen 0.11/turn    (no ring)
                     (no ring)

%: reflection
@: snake-form, corroded
A: constrict, boosted hp, almost no armour, amphibious, 8 rings, large,
(camouflage 1), (gelatinous body 1), (nimble swimmer 1), (tentacles)
a: Begin Untransformation, Renounce Religion, Potion Petition, Call Merchant,
Bribe Branch


You were on level 8 of the Dungeon.
You worshipped Gozag.
Gozag was aware of your devotion.
You were an enormous anaconda.
You visited 2 branches of the dungeon, and saw 9 of its levels.

You collected 697 gold pieces.
You spent 169 gold pieces at shops.
You paid 63 gold pieces to Gozag.

Inventory:

Hand Weapons
 r - a +5 flail of protection
Missiles
 q - 2 atropa-tipped darts (quivered)
Magical Staves
 i - a staff of conjuration
Jewellery
 f - a +5 ring of evasion (left tentacle)
 h - an amulet of reflection (around neck)
 u - a ring of poison resistance (right tentacle)
Talismans
 b - a beast talisman
 n - a serpent talisman (active)
Wands
 d - a wand of charming (7)
 o - a wand of polymorph (1)
 p - a wand of acid (3)
Scrolls
 c - a scroll of immolation
 j - a scroll of amnesia
 k - 2 scrolls of vulnerability
 l - a scroll of summoning
 w - a scroll of identify
Potions
 a - a potion of lignification
 e - 6 potions of curing
 g - 4 potions of enlightenment
 m - a potion of haste
 s - a potion of heal wounds
 t - a potion of magic
 v - a potion of brilliance


   Skills:
 + Level 1.2 Fighting
 + Level 4.0 Dodging
 + Level 7.9 Stealth
 + Level 7.0 Unarmed Combat
 + Level 9.1 Shapeshifting


You had 7 spell levels left.
You knew the following spells:

 Your Spells              Type           Power      Damage    Failure   Level
q - Apportation           Tloc           0%         N/A       32%         1

Your spell library contained the following spells:

 Spells                   Type           Power      Damage    Failure   Level
 Jinxbite                 Hex            0%         N/A       45%         2
 Alistair's Intoxication  Tmut/Pois      0%         N/A       100%        5


Dungeon Overview and Level Annotations

Branches:
Dungeon (8/15)             Temple (1/1) D:5
   Lair: D:8-11

Altars:
Cheibriados
Dithmenos
Fedhas
Gozag
Kikubaaqudgha
Makhleb
Nemelex Xobeh
Okawaru
Qazlal
Ru
Trog
Uskayaw
Wu Jian
Xom
Yredelemnul
Zin
The Shining One

Shops:
D:4 !

Annotations:
D:2 1 runed translucent door, Crazy Yiuf
D:3 1 exclusion, Grinder
D:6 2 runed translucent doors


Innate Abilities, Weirdness & Mutations

You are an enormous anaconda.
You have a powerful constriction melee attack.
Your maximum health is increased.
Your armour is entirely melded.
You are incapable of wielding weapons or throwing items.
You cannot wear most types of armour.
You are amphibious.
You can wear up to eight rings at the same time.
((Your skin changes colour to match your surroundings (Stealth+).))
((Your rubbery body absorbs attacks. (AC +1, EV +1)))
((You are camouflaged when in or above water. (Stealth+)))
((You have tentacles for arms and can constrict up to eight enemies at once.))


Message History

You constrict the killer bee.
The killer bee stings you but does no damage.
The killer bee stings you.
You lash the killer bee!
The killer bee is almost dead.
You constrict the killer bee.
The killer bee stings you but does no damage.
You block the killer bee's attack.
You hit the killer bee.
You kill the killer bee!
An acid dragon comes into view.
The acid dragon roars!
The centaur shouts!
The centaur hits you but does no damage.
The centaur kicks you. The acid dragon spits acid at you.
The splash of acid hits you!! The acid corrodes you!
The centaur completely misses you. The centaur barely misses you.
You hear an angry buzzing noise. x2
You hit the centaur but do no damage. You grab the centaur.
You constrict the centaur, but do no damage.
The centaur hits you with a +0 club. You block the centaur's attack.
You hit the centaur but do no damage. You constrict the centaur.
The centaur hits you with a +0 club. The centaur closely misses you.
A killer bee comes into view.
You hit the acid dragon but do no damage.
You constrict the centaur. The centaur closely misses you.
The centaur kicks you. The centaur barely misses you. x2
The acid dragon barely misses you.
The acid dragon claws you but does no damage.
You hit the acid dragon.
The acid dragon is lightly wounded.
You constrict the centaur. The centaur completely misses you.
The centaur barely misses you.
You completely miss the acid dragon.
The acid dragon is lightly wounded.
You constrict the centaur. The acid dragon spits acid at you.
The splash of acid hits you!!
You die...
Your body crumbles into a pile of gold.

#.........##.......##......#.
#.....##........#..#.....##.
#.....##......###.###.......
#............## (..#........
#.......y....# #...........
#.........## #...........
##....y....##.....>......
##......c###............
##..#..S.# ##...........
#...#$..D##.#...........
###....#.................
##......###........###..#.
#....#..#..........# ##)##
##..##......#......# #....
###...#.....##....###[...
##.###..........#.#.... ###
##................


You could see an acid dragon (catching breath), a centaur and 2 killer bees.

Vanquished Creatures
  Prince Ribbit (D:7)
  Sigmund (D:2)
  3 yaks (D:7)
  A steam dragon (D:8)
  A water moccasin (D:6)
  A sky beast (D:7)
  3 ice beasts
  3 ogres
  2 black bears
  A centaur (D:7)
  A wolf (D:6)
  A bullfrog (D:6)
  A scorpion (D:5)
  3 wights (D:6)
  2 killer bees (D:8)
  A jelly (D:6)
  2 gnoll boudas
  A hound (D:6)
  Ijyb (D:3)
  An iguana (D:6)
  An orc wizard (D:5)
  Robin (D:4)
  10 gnolls
  4 adders
  A shadow imp (D:5)
  5 worms
  3 dart slugs
  6 orcs
  11 ball pythons
  6 bats
  7 endoplasms
  2 giant cockroaches
  13 goblins
  9 hobgoblins
  4 jackals (D:3)
  4 kobolds
  5 quokkas
  5 frilled lizards (D:1)
  3 rats
131 creatures vanquished.

Vanquished Creatures (collateral kills)
  A wight (D:6)
  An iguana (D:6)
  An adder (D:6)
3 creatures vanquished.

Grand Total: 134 creatures vanquished

Notes
Turn   | Place    | Note
-------+----------+-------------------------------------------
     0 | D:1      | redmage the Octopode Shapeshifter began the quest for the
                  | Orb.
     0 | D:1      | Reached XP level 1. HP: 13/13 MP: 1/1
   248 | D:1      | Reached skill level 1 in Stealth
   325 | D:1      | Reached XP level 2. HP: 18/18 MP: 2/2
   644 | D:1      | Reached XP level 3. HP: 23/23 MP: 3/3
  1061 | D:2      | Found a faded altar of an unknown god.
  1061 | D:2      | Noticed Sigmund
  1072 | D:2      | Killed Sigmund
  1073 | D:2      | Reached skill level 5 in Unarmed Combat
  1073 | D:2      | Reached XP level 4. HP: 23/28 MP: 4/4
  1073 | D:2      | Reached XP level 5. HP: 27/33 MP: 5/5
  1331 | D:2      | Found a runed translucent door.
  1332 | D:2      | Noticed Crazy Yiuf
  1404 | D:3      | Noticed Grinder
  1444 | D:3      | Noticed Ijyb
  1469 | D:3      | Killed Ijyb
  1470 | D:3      | Reached XP level 6. HP: 38/38 MP: 6/6
  2289 | D:4      | Found Kicaal's Distillery.
  2356 | D:4      | Noticed a black bear
  2775 | D:4      | Reached skill level 5 in Stealth
  2884 | D:4      | Noticed Robin
  2895 | D:4      | Reached XP level 7. HP: 39/43 MP: 7/7
  3241 | D:4      | Noticed Blork the orc
  3377 | D:4      | Killed Robin
  3389 | D:5      | Entered Level 5 of the Dungeon
  3398 | D:5      | Reached skill level 4 in Shapeshifting
  3552 | D:5      | Found a staircase to the Ecumenical Temple.
  3561 | Temple   | Entered the Ecumenical Temple
  3570 | Temple   | Became a worshipper of Gozag Ym Sagoz the Greedy
  3823 | D:5      | Reached skill level 5 in Shapeshifting
  4292 | D:4      | Bought a potion of haste for 130 gold pieces
  4292 | D:4      | Bought a potion of curing for 39 gold pieces
  4320 | D:4      | Blork the orc changed into Blork the adder
  4320 | D:4      | Noticed Blork
  4323 | D:4      | Killed Blork the adder
  4341 | D:4      | Reached XP level 8. HP: 45/48 MP: 8/8
  4578 | D:6      | Reached skill level 6 in Shapeshifting
  4819 | D:6      | Reached skill level 7 in Shapeshifting
  4965 | D:6      | Found a large runed translucent door.
  4965 | D:6      | Found a large runed translucent door.
  5009 | D:6      | Noticed Edmund
  5010 | D:6      | Edmund changed into Edmund the wolf
  5010 | D:6      | Noticed Edmund
  5019 | D:6      | Killed Edmund the wolf
  5085 | D:6      | Reached skill level 8 in Shapeshifting
  5564 | D:7      | Noticed Prince Ribbit
  5572 | D:7      | Killed Prince Ribbit
  5573 | D:7      | Reached XP level 9. HP: 24/53 MP: 9/9
  5726 | D:7      | Learned a level 1 spell: Apportation
  6273 | D:7      | Reached skill level 9 in Shapeshifting
  6612 | D:8      | Killed from afar by an acid dragon

Illustrated notes

Levels and vault maps discovered:
D:1:      dpeg_arrival_central, layout_basic
D:2:      layout_rooms, ebering_ecumenical_altar_mist, uniq_sigmund,
          uniq_crazy_yiuf_cottage
D:3:      layout_basic, minmay_crystal_water, uniq_ijyb, uniq_grinder
D:4:      layout_loops_corners, serial_shops, nicolae_shop_hallway_plus,
          kennysheep_flooded_box, uniq_blork_the_orc, uniq_robin
D:5:      layout_loops_corners, temple_statues, chequers_serial_rivers_micro_a
D:6:      layout_loops_cross, jmf_multi_god_temple2,
          dreamdust_princess_corridor, uniq_edmund
D:7:      layout_basic, uniq_prince_ribbit1
D:8:      layout_cave_pools, lemuel_crystal_altar, nicolae_elyvilon_temple_path
Temple:   sentei_temple_godly_chess

Skill      XL: |  1  2  3  4  5  6  7  8  9 |
---------------+----------------------------+-----
Stealth        | 1 2 4 5 6 7 |  7.9
Unarmed Combat | 5 6 7 |  7.0
Shapeshifting  | 5 8 9 |  9.1
Dodging        | 4 |  4.0
Fighting       | |  1.2

Action                     |  1- 3 |  4- 6 |  7- 9 || total
---------------------------+-------+-------+-------++-------
  Melee: Unarmed           |    52 |    88 |   176 ||   316
         Constrict         |    10 |    21 |    40 ||    71
         Tentacles         |     9 |    19 |    29 ||    57
         Punch             |     1 |     5 |     3 ||     9
  Throw: Dart              |       |     3 |     4 ||     7
  Evoke: Wand              |       |       |     4 ||     4
    Use: Scroll            |       |    10 |     4 ||    14
   Stab: Sleeping          |    10 |    11 |    11 ||    32
         Distracted        |       |     2 |       ||     2
         Invisible         |       |     1 |     1 ||     2
 Armour: Skin              |    15 |    21 |    61 ||    97
  Dodge: Dodged            |    32 |    58 |    96 ||   186
  Block: Other             |       |       |    23 ||    23
   Form: Anaconda          |       |       |     1 ||     1
         Flux              |       |       |     1 ||     1

Table legend: (Time is in decaauts)
 A = Elapsed time spent in this place.
 B = Non-inter-level travel time spent in this place.
 C = Inter-level travel time spent in this place.
 D = Time resting spent in this place.
 E = Time spent auto-exploring this place.
 F = Levels seen in this place.
 G = Mean time per level.
                   A        B        C        D        E       F      G
               +--------+--------+--------+--------+--------+-----+--------+
         Total |   6578 |   6119 |    459 |     50 |   4834 |   9 |  730.9 |
       Dungeon |   6559 |   6116 |    443 |     50 |   4834 |   8 |  819.9 |
        Temple |     18 |      2 |     16 |      0 |      0 |   1 |   18.0 |
               +--------+--------+--------+--------+--------+-----+--------+

Top non-repeatable levels by time:
     D:4: 1491 daAuts
     D:1: 961 daAuts
     D:6: 919 daAuts
     D:5: 893 daAuts
     D:7: 883 daAuts
     D:3: 772 daAuts
     D:2: 399 daAuts
     D:8: 238 daAuts
  Temple: 18 daAuts
